 Dungeon Crawl Stone Soup version 0.16-a0-1183-g5b05a17 (webtiles) character file.

169 PolkaDot the Insei (level 5, -2/47 HPs)
             Began as a Draconian Monk on Oct 10, 2014.
             Slain by Grinder (5 damage)
             ... while paralysed by Grinder
             ... on level 3 of the Dungeon.
             The game lasted 00:08:12 (2990 turns).

PolkaDot the Insei (Draconian Monk)                 Turns: 2990, Time: 00:08:13

Health: -2/47      AC:  6    Str: 19    XL:     5   Next: 25%
Magic:  5/5        EV:  2    Int: 10    God:
Gold:   149        SH:  0    Dex: 19    Spells: 0 memorised, 4 levels left

rFire  . . .     SeeInvis .       - Unarmed
rCold  . . .     Clarity  .     (armour unavailable)
rNeg   . . .     SustAb   .     (no shield)
rPois  .         Gourm    .     (helmet restricted)
rElec  .         Spirit   .     (no cloak)
rCorr  .         Warding  .     n - +0 pair of gloves
rMut   .         Stasis   .     (no boots)
MR     .....                    (no amulet)
Stlth  +++.......               (no ring)
                                (no ring)

@: paralysed, mighty, agile, lethally poisoned, not resistant to hostile
enchantments, fairly stealthy
A: unfitting armour, cold-blooded, AC +5
a: no special abilities


You were on level 3 of the Dungeon.
You were not hungry.

You visited 1 branch of the dungeon, and saw 3 of its levels.

You collected 149 gold pieces.

Inventory:

Armour
 n - a +0 pair of gloves (worn)
Magical devices
 u - a wand of disintegration (18)
Comestibles
 b - 3 bread rations
 l - a rotting chunk of bat flesh
 r - 3 fruits
 s - a meat ration
 t - 2 chunks of jackal flesh
Scrolls
 c - a scroll of fear {unknown}
 d - 2 scrolls of magic mapping {unknown}
 e - 2 scrolls of identify {unknown}
 f - 2 scrolls of teleportation {unknown}
 j - a scroll of enchant weapon {unknown}
 k - a scroll of amnesia {unknown}
 m - 2 scrolls of remove curse {unknown}
Potions
 a - a potion of flight {unknown}
 g - a potion of degeneration {!q}
 i - a potion of restore abilities {unknown}
 o - a potion of agility
 p - a potion of heal wounds {unknown}
 q - a potion of poison {!q}


   Skills:
 + Level 4.3 Fighting
 + Level 3.6 Dodging
 - Level 1.7 Stealth
 * Level 5.3 Unarmed Combat


You had 4 spell levels left.
You didn't know any spells.

Dungeon Overview and Level Annotations

Branches:
Dungeon (3/15)

Altars:
Ashenzari
Fedhas
Gozag
Yredelemnul
Zin

Annotations:
D:3 Grinder


Innate Abilities, Weirdness & Mutations

Your plain brown scales are hard (AC +5).
Your body does not fit into most forms of armour.
Your cold-blooded metabolism reacts poorly to cold.


Message History

* * * LOW HITPOINT WARNING * * *
You writhe in agony.
* * * LOW HITPOINT WARNING * * *
You feel sick. Grinder hits you!
* * * LOW HITPOINT WARNING * * *
You writhe in agony.
* * * LOW HITPOINT WARNING * * *
You feel sick. Grinder hits you.
* * * LOW HITPOINT WARNING * * *
You writhe in agony.
* * * LOW HITPOINT WARNING * * *
Grinder hits you.
* * * LOW HITPOINT WARNING * * *
You writhe in agony. x2
* * * LOW HITPOINT WARNING * * *
You feel sick. Grinder hits you but does no damage. Grinder hits you.
* * * LOW HITPOINT WARNING * * *
You writhe in agony.
You die...

#.# ####
#.# #####
#.# #...#
#.#
#.#.###.#
#.#....)#
#.#######
#.# #@#
#5#
#..)5.#
#####.#


You could see Grinder.

Vanquished Creatures
  A worker ant (D:3)
  Ijyb (D:3)
  4 adders
  4 worms
  An orc (D:3)
  5 bats
  2 giant cockroaches
  3 goblins
  8 hobgoblins
  9 jackals
  3 ball pythons
  2 giant geckos (D:1)
  A giant newt (D:1)
  13 kobolds
  4 rats (D:1)
61 creatures vanquished.

Notes
Turn   | Place    | Note
--------------------------------------------------------------
     0 | D:1      | PolkaDot, the Draconian Monk, began the quest for the Orb.
     0 | D:1      | Reached XP level 1. HP: 19/19 MP: 1/1
   401 | D:1      | Reached XP level 2. HP: 24/26 MP: 2/2
  1442 | D:1      | Reached XP level 3. HP: 23/31 MP: 3/3
  1618 | D:2      | Found a blossoming altar of Fedhas.
  1619 | D:2      | Found a basalt altar of Yredelemnul.
  1857 | D:2      | Reached XP level 4. HP: 24/40 MP: 4/4
  2058 | D:3      | Noticed Ijyb
  2084 | D:3      | Killed Ijyb
  2084 | D:3      | Reached skill level 5 in Unarmed Combat
  2445 | D:3      | Reached XP level 5. HP: 40/47 MP: 5/5
  2450 | D:3      | Found a shattered altar of Ashenzari.
  2803 | D:3      | Found an opulent altar of Gozag.
  2803 | D:3      | Found a glowing silver altar of Zin.
  2976 | D:3      | Noticed Grinder
  2985 | D:3      | Paralysed by Grinder for 5 turns
  2990 | D:3      | Slain by Grinder

Action                   |  1- 3 |  4- 6 || total
-------------------------+-------+-------++-------
Melee: Unarmed           |   126 |   142 ||   268
       Spear             |    19 |       ||    19
  Use: Potion            |     3 |     3 ||     6
 Stab: Sleeping          |     2 |     1 ||     3
  Eat: Chunk             |     2 |     5 ||     7
